 Dungeon Crawl Stone Soup version 0.31-a0-165-g3f4f80340b (webtiles) character file.

Game seed: 12782500232609127082

42 qw the Shooter (level 3, -4/22 HPs)
             Began as a Gargoyle Hunter on June 13, 2023.
             Slain by Natasha (7 damage)
             ... on level 2 of the Dungeon.
             The game lasted 00:00:23 (877 turns).

qw the Shooter (Gargoyle Hunter)                     Turns: 877, Time: 00:00:23

Health: -4/22      AC:  8    Str: 14    XL:     3   Next: 56%
Magic:  3/3        EV: 11    Int:  9    God:
Gold:   67         SH:  0    Dex: 15    Spells: 2/2 levels left

rFire   . . .        Y - +0 shortbow
rCold   . . .        (shield currently unavailable)
rNeg    + . .        c - +0 leather armour
rPois   inf          (no helmet)
rElec   +            f - +1 cloak
rCorr   .            (no gloves)
SInv    .            (no boots)
Will    .....        (no amulet)
Stlth   ++           (no ring)
HPRegen 0.23/turn    (no ring)
MPRegen 0.08/turn

%: no passive effects
@: slowed, very slow
A: sickness immunity, AC +3, negative energy resistance 1, electricity
resistance, torment resistance 1, petrification resistance
a: no special abilities


You were on level 2 of the Dungeon.
You visited 1 branch of the dungeon, and saw 2 of its levels.

You collected 67 gold pieces.


Innate Abilities, Weirdness & Mutations

You are immune to sickness and miasma.
Your stone body is resilient. (AC +3)
You are immune to poison.
You resist negative energy. (rN+)
You are resistant to electric shocks. (rElec)
You are resistant to unholy torment.
You are immune to petrification.


   Skills:
 + Level 2.7 Fighting
 - Level 5.0 Ranged Weapons
 - Level 1.5 Dodging
 - Level 1.1 Stealth


You had 2 spell levels left.
You didn't know any spells.
Your spell library was empty.

Inventory:

Hand Weapons
 Y - a +0 shortbow (weapon)
Armour
 c - a +0 leather armour (worn)
 f - a +1 cloak (worn)
Potions
 a - a potion of attraction {unknown}
 b - a potion of curing {unknown}
 d - a potion of might {unknown}
 g - a potion of magic {unknown}

Dungeon Overview and Level Annotations

Branches:
Dungeon (2/15)

Altars:

Annotations:
D:2 Natasha


Message History

Natasha is moderately wounded.
You shoot an arrow. The arrow hits Natasha.
Natasha is heavily wounded.
Natasha claws you!
You shoot an arrow. The arrow hits Natasha!
Natasha is almost dead.
Natasha claws you but does no damage.
You shoot an arrow.
The arrow hits Natasha but does no damage.
Natasha is almost dead.
Natasha stares at you and mumbles some strange words.
You feel yourself slow down.
You shoot an arrow.
The arrow hits Natasha but does no damage.
Natasha is almost dead.
Natasha barely misses you. Natasha closely misses you.
You shoot an arrow.
The arrow hits Natasha but does no damage.
Natasha is almost dead.
Natasha closely misses you.
Natasha howls an incantation.
Natasha's front paws start to glow.
Natasha casts a spell at you. The magic dart hits you!
You shoot an arrow. The arrow closely misses Natasha.
Natasha casts a spell at you. You resist with significant effort.
You shoot an arrow. The arrow misses Natasha.
Natasha claws you but does no damage.
Natasha casts a spell.
You shoot an arrow. The arrow closely misses Natasha.
Natasha casts a spell at you. You resist with significant effort.
Natasha mumbles some strange words.
Natasha glows brightly for a moment.
Natasha claws you.
The cerulean imp hits you from afar with a +2 spear.
You shoot an arrow. The arrow misses Natasha.
Natasha claws you!
You die...

####... [..
........... .[.
#....#####.. ..
....#...P.#. ..
...#.#####.# #.
..#.#.....#. #5
..#P#P#####.#
#h#####.#P#.#._.#.#
#.@........^.^....^
######.............
#.#..#..#.####
#.#.......####
#.#...........
#.#####.######
#.......# #########


You could see Natasha and a cerulean imp (summoned).

Vanquished Creatures
  An adder (D:2)
  An orc (D:2)
  2 endoplasms (D:1)
  2 giant cockroaches (D:1)
  3 goblins
  A hobgoblin (D:2)
  2 kobolds (D:1)
  2 quokkas
  7 ball pythons
  3 bats
  3 frilled lizards (D:1)
  3 rats (D:1)
30 creatures vanquished.

Notes
Turn   | Place    | Note
-------+----------+-------------------------------------------
     0 | D:1      | qw the Gargoyle Hunter began the quest for the Orb.
     0 | D:1      | Reached XP level 1. HP: 12/12 MP: 1/1
     0 | D:1      | 0 ||| qw: Version: 0.2-a-29-gc1b59c4
     0 | D:1      | 0 ||| qw: Game counter: 4644
     0 | D:1      | 0 ||| qw: Always use a shield: true
     0 | D:1      | 0 ||| qw: God list: Okawaru
     0 | D:1      | 0 ||| qw: Allow faded altars: false
     0 | D:1      | 0 ||| qw: Do Orc after D:15 true
     0 | D:1      | 0 ||| qw: Do second Lair branch before Depths: true
     0 | D:1      | 0 ||| qw: Lair rune preference: random
     0 | D:1      | 0 ||| qw: Plans: Normal, Zot:1-4, Slime:5, God:TSO, Crypt,
                  | Tomb, Abyss, Pan, Hells, Win
     0 | D:1      | 0 ||| PLANNING D:1-11
   300 | D:1      | Reached XP level 2. HP: 17/17 MP: 2/2
   707 | D:1      | Reached XP level 3. HP: 21/21 MP: 3/3
   712 | D:1      | 712 ||| UPGRADING to +1 cloak.
   717 | D:1      | 717 ||| READING scroll labelled GIOQYM YMUUTH.
   720 | D:1      | 720 ||| READING scroll labelled TIAMEUT MOZYOPH.
   721 | D:1      | 721 ||| READING scroll labelled CASINO VOYV.
   722 | D:1      | 722 ||| DROPPING scroll of butterflies.
   753 | D:2      | Reached skill level 5 in Ranged Weapons
   836 | D:2      | Found a faded altar of an unknown god.
   866 | D:2      | Noticed Natasha
   876 | D:2      | HP: 5/22 [Natasha (5)]
   877 | D:2      | Slain by Natasha

Levels and vault maps discovered:
D:1:      dpeg_arrival_prison, layout_loops_ring
D:2:      layout_basic, shapermc_ecumenical_altar_rom_forum, uniq_natasha

Skill      XL: |  1  2  3 |
---------------+----------+-----
Ranged Weapons | 5 |  5.0
Fighting       | |  2.7
Dodging        | |  1.5
Stealth        | |  1.1

Action                     || total
---------------------------++-------
   Fire: Shortbow          ||    86
    Use: Scroll            ||     3
 Armour: Leather armour    ||    10
  Dodge: Dodged            ||    25

Table legend:
 A = Non-vault XP
 B = Vault XP
 C = Vault XP percentage of total XP
 D = Non-vault monster count
 E = Vault monster count
 F = Vault count percentage of total count
                 A         B        C        D         E       F
            +---------+---------+-------+---------+---------+-------
      Total |      59 |       2 |   3.3 |      29 |       1 |   3.3
            +---------+---------+-------+---------+---------+-------
        D:1 |      33 |       2 |   5.7 |      21 |       1 |   4.5
        D:2 |      26 |       0 |   0.0 |       8 |       0 |   0.0
            +---------+---------+-------+---------+---------+-------
